 Dungeon Crawl Stone Soup version 0.32-a0-427-g448f42529f (webtiles) character file.

Game seed: 11726930751568805270

9926 Gargoyl the Cleaver (level 11, -4/67 HPs)
             Began as a Gargoyle Berserker on Feb 22, 2024.
             Was a Priest of Trog.
             Slain by a polar bear (15 damage)
             ... on level 2 of the Lair of Beasts.
             The game lasted 00:11:22 (10284 turns).

Gargoyl the Cleaver (Gargoyle Berserker)           Turns: 10284, Time: 00:11:22

Health: -4/67      AC: 15    Str: 25    XL:     11   Next: 54%
Magic:  11/11      EV: 14    Int:  8    God:    Trog [***...]
Gold:   1535       SH: 13    Dex: 13    Spells: 10/10 levels left

rFire   + . .        a - +0 hand axe (freeze)
rCold   . . .        b - +2 buckler of Wuguq {Str+4}
rNeg    + . .        v - +1 steam dragon scales
rPois   ∞            (no helmet)
rElec   +            (no cloak)
rCorr   .            (no gloves)
SInv    .            (no boots)
Will    ++...        t - amulet of reflection
Stlth   ++           u - ring of protection from fire
HPRegen 1.31/turn    (no ring)
MPRegen 0.12/turn

%: reflection
@: marked, strong-willed, on berserk cooldown, regenerating, slowed, very slow
A: sickness immunity, AC +8, negative energy resistance 1, electricity
resistance, torment resistance 1, petrification resistance
a: Renounce Religion, Berserk, Trog's Hand


You were on level 2 of the Lair of Beasts.
You worshipped Trog.
Trog was most pleased with you.
You visited 2 branches of the dungeon, and saw 10 of its levels.

You collected 1616 gold pieces.
You spent 81 gold pieces at shops.

Inventory:

Hand Weapons
 a - a +0 hand axe of freezing (weapon)
 s - a +0 spear
 x - a +0 war axe
Missiles
 y - 5 poisoned darts (quivered)
Armour
 b - the +2 buckler of Wuguq (worn) {Str+4}
   (You acquired it on level 2 of the Dungeon)

   Str+4:     It affects your strength (+4).
 v - +1 steam dragon scales (worn)
Jewellery
 t - an amulet of reflection (around neck)
 u - a ring of protection from fire (left hand)
 z - a +5 ring of evasion
Wands
 d - a wand of polymorph (11)
 m - a wand of digging (6)
 p - a wand of iceblast (45)
 r - a wand of flame (6)
 A - a wand of light (3)
Scrolls
 e - 5 scrolls of teleportation
 f - 6 scrolls of identify
 q - 2 scrolls of fear
 w - 2 scrolls of poison
Potions
 c - 7 potions of curing
 g - 2 potions of haste {unknown}
 h - 4 potions of brilliance
 i - a potion of might {unknown}
 j - 2 potions of enlightenment {unknown}
 k - 2 potions of resistance {unknown}
 l - 5 potions of attraction {unknown}
 n - 2 potions of heal wounds {unknown}
 o - a potion of ambrosia {unknown}


   Skills:
 + Level 7.5 Fighting
 + Level 10.5 Axes
 + Level 6.2 Armour
 + Level 6.9 Dodging
 + Level 3.0 Stealth
 + Level 8.4 Shields


You had 10 spell levels left.
You didn't know any spells.
Your spell library was empty.

Dungeon Overview and Level Annotations

Branches:
Dungeon (8/15)             Temple (0/1) D:4            Lair (2/5) D:8
  Snake (0/4) Lair:2
  Swamp: Lair:2-3    Shoals: Lair:2-3

Altars:
Elyvilon
Zin
The Shining One

Shops:
D:4 *


Innate Abilities, Weirdness & Mutations

You are immune to sickness and miasma.
Your stone body is resilient. (AC +8)
You are immune to poison.
You resist negative energy. (rN+)
You are resistant to electric shocks. (rElec)
You are resistant to unholy torment.
You are immune to petrification.


Message History

The polar bear is severely wounded.
You block the polar bear's attack. x2; The polar bear barely misses you.
The polar bear bites you.
* * * LOW HITPOINT WARNING * * *
The polar bear barely misses you.
The polar bear claws you but does no damage.
You feel better. The polar bear bites you!
* * * LOW HITPOINT WARNING * * *
The polar bear claws you but does no damage.
You block the polar bear's attack. The polar bear closely misses you.
You block the polar bear's attack.
The polar bear claws you but does no damage.
Unknown command.
You feel better. The polar bear bites you.
* * * LOW HITPOINT WARNING * * *
The polar bear misses you.
The polar bear claws you but does no damage.
You block the polar bear's attack. x2
The polar bear claws you but does no damage.
Your skin crawls.
You feel strong-willed.
You can no longer call in reinforcements.
The polar bear bites you.
* * * LOW HITPOINT WARNING * * *
You block the polar bear's attack. x2; The polar bear bites you.
* * * LOW HITPOINT WARNING * * *
The polar bear claws you but does no damage.
The polar bear closely misses you.
You feel better. You block the polar bear's attack. x2
The polar bear claws you.
* * * LOW HITPOINT WARNING * * *
The polar bear misses you. The polar bear barely misses you.
The polar bear claws you but does no damage.
Unknown command.
You barely miss the polar bear.
The polar bear is severely wounded.
The polar bear bites you but does no damage.
You block the polar bear's attack. The polar bear barely misses you.
The polar bear bites you!
You die...

##....≈≈≈≈~..###...~.~~..~..
###.~~≈≈≈≈~.# ##.~~~.~.~...
###...≈~≈≈..## ♣..~~~.~...~
.###P.≈~..#.#.##♣.~.~..~~.~.
......###.......♣~~~...~~~..
......## P..........~~~...~~
.......# .......~.~.~~..~.~
##.P#..# ###P..~~...~.~~~.
####### ##.@....~.~.~~~
#.h...~..~~.~♣
#.....~~.~..♣# #..#.#.....♣#
...........# $..$.......P#
..........### #P.##.#.###


You could see a polar bear (berserk).

Vanquished Creatures
  A salamander (Lair:2)
  A black mamba (Lair:1)
  2 cane toads
  A komodo dragon (Lair:1)
  A polar bear (Lair:1)
  3 blink frogs (Lair:2)
  14 yaks
  A basilisk (D:8)
  3 wyverns (D:8)
  2 steam dragons
  3 nagas (Lair:2)
  10 water moccasins
  2 black bears
  3 ice beasts
  5 wolves (Lair:1)
  2 ogres
  2 phantoms
  A kobold brigand (D:8)
  3 bullfrogs
  5 wights (D:5)
  13 killer bees
  5 electric eels
  A howler monkey (D:6)
  A gnoll bouda (D:4)
  A jelly (D:2)
  5 orc priests
  2 sleepcaps
  3 iguanas
  8 orc wizards
  8 gnolls
  5 adders
  2 white imps
  6 ufetubi
  4 dart slugs
  2 ribbon worms
  25 orcs
  4 ball pythons
  8 endoplasms
  4 giant cockroaches (D:2)
  10 goblins
  11 hobgoblins
  13 kobolds
  3 quokkas
  6 bats
  4 frilled lizards
  10 rats
229 creatures vanquished.

Notes
Turn   | Place    | Note
-------+----------+-------------------------------------------
     0 | D:1      | Gargoyl the Gargoyle Berserker began the quest for the Orb.
     0 | D:1      | Reached XP level 1. HP: 14/14 MP: 1/1
   114 | D:1      | Reached XP level 2. HP: 15/19 MP: 2/2
   125 | D:1      | Reached skill level 3 in Axes
   263 | D:1      | Reached XP level 3. HP: 23/24 MP: 3/3
   344 | D:1      | Found a faded altar of an unknown god.
   603 | D:2      | Identified a scroll of acquirement
   603 | D:2      | Acquired the +2 buckler of Wuguq {Str+4}
   737 | D:2      | Reached XP level 4. HP: 27/29 MP: 4/4
  1261 | D:2      | Reached ** piety under Trog
  1327 | D:2      | Reached XP level 5. HP: 33/33 MP: 5/5
  1670 | D:3      | Reached skill level 4 in Axes
  1961 | D:3      | Reached skill level 1 in Shields
  2506 | D:4      | Found Cetiexku's Assorted Antiques.
  2519 | D:4      | Reached XP level 6. HP: 36/39 MP: 6/6
  2557 | D:4      | Bought a scroll of teleportation for 81 gold pieces
  2716 | D:4      | Found a staircase to the Ecumenical Temple.
  3459 | D:5      | Entered Level 5 of the Dungeon
  3467 | D:5      | Reached XP level 7. HP: 40/44 MP: 7/7
  3468 | D:5      | Reached skill level 5 in Axes
  3469 | D:5      | Reached skill level 5 in Fighting
  3645 | D:5      | Reached skill level 5 in Armour
  3802 | D:5      | Found a white marble altar of Elyvilon.
  3802 | D:5      | Found a glowing golden altar of the Shining One.
  3802 | D:5      | Found a glowing silver altar of Zin.
  4235 | D:5      | Reached skill level 1 in Stealth
  4235 | D:5      | Reached XP level 8. HP: 43/49 MP: 8/8
  4962 | D:6      | Reached skill level 6 in Axes
  6156 | D:7      | Reached skill level 7 in Axes
  6156 | D:7      | Reached XP level 9. HP: 55/55 MP: 9/9
  6926 | D:8      | Acquired 964 gold pieces
  6970 | D:8      | Reached skill level 5 in Shields
  6973 | D:8      | Reached *** piety under Trog
  6974 | D:8      | Reached skill level 8 in Axes
  6980 | D:8      | Reached XP level 10. HP: 56/61 MP: 10/10
  6982 | D:8      | Found a staircase to the Lair.
  7496 | D:8      | Reached skill level 9 in Axes
  8043 | Lair:1   | Entered Level 1 of the Lair of Beasts
  8110 | Lair:1   | Reached skill level 5 in Dodging
  8162 | Lair:1   | Identified the +0 leather armour of Ebbuw {Regen+ MP+9}
  8174 | Lair:1   | Noticed a black mamba
  8201 | Lair:1   | Killed a black mamba
  8201 | Lair:1   | Reached **** piety under Trog
  8688 | Lair:1   | Reached XP level 11. HP: 62/66 MP: 11/11
  9070 | Lair:1   | Reached skill level 10 in Axes
  9759 | Lair:2   | Found a staircase to the Snake Pit.
  9760 | Lair:2   | Noticed a salamander
  9783 | Lair:2   | Killed a salamander
 10278 | Lair:2   | HP: 3/67 [polar bear (6)]
 10284 | Lair:2   | Slain by a polar bear

Illustrated notes

Levels and vault maps discovered:
D:1:      minmay_arrival_checkered_box, layout_rooms,
          shapermc_ecumenical_altar_notcrosses
D:2:      minmay_recursive_quarters, layout_basic, dreamdust_princess_bridge,
          grunt_decor_mini_mirrors, serial_bayou_pond_a
D:3:      layout_basic, hangedman_decor_points
D:4:      layout_cave_pools, minmay_temple_entry_wispy, serial_shops, shop,
          serial_library, serial_library_regret_index_double_sided,
          serial_library_hellmonk_long_bookcase,
          serial_library_hellmonk_small_alcove,
          serial_library_regret_index_small_wings,
          serial_library_hellmonk_statue_hall,
          serial_library_hellmonk_metal_room,
          serial_library_hellmonk_open_square, serial_library_hellmonk_junction,
          serial_library_hellmonk_double_dead_end, kennysheep_opposing_triangles
D:5:      layout_layer_cave, good_gods_mini_temple, corexii_checkpoint
D:6:      layout_basic
D:7:      layout_loops_ring, sigmund_army
D:8:      layout_cave_pods, minmay_lair_entry_grove, kennysheep_minor_cross
Lair:1:   layout_gridlike, fungi_pond_lemuel, st_stairs_9, serial_bayou_lagoon_b
Lair:2:   layout_concentric_octagons, alex1729_snake_entry_snake,
          nicolae_quartered_pool_little, infiniplex_staircase_pool

Skill      XL: |  1  2  3  4  5  6  7  8  9 10 11 |
---------------+----------------------------------+-----
Axes           | 3 4 5 7 8 9 10 | 10.5
Fighting       | 4 5 6 7 |  7.5
Dodging        | 2 3 4 6 |  6.9
Armour         | 3 4 5 6 |  6.2
Shields        | 1 2 3 6 7 8 |  8.4
Stealth        | 1 2 3 |  3.0

Action                     |  1- 3 |  4- 6 |  7- 9 | 10-12 || total
---------------------------+-------+-------+-------+-------++-------
  Melee: Hand axe          |    84 |   216 |   351 |   434 ||  1085
  Throw: Dart              |       |       |       |     1 ||     1
 Invoke: Berserk           |       |     4 |    10 |     9 ||    23
         Trog's Hand       |       |     1 |     1 |     2 ||     4
    Use: Scroll            |     3 |     7 |     6 |       ||    16
         Potion            |       |       |       |     3 ||     3
   Stab: Sleeping          |       |       |     1 |     1 ||     2
         Distracted        |       |       |       |     1 ||     1
 Armour: Scale mail        |    76 |   138 |   141 |       ||   355
         Steam dragon scal |       |       |    78 |   275 ||   353
  Dodge: Dodged            |    57 |    84 |   188 |   206 ||   535
  Block: Buckler           |     7 |    66 |   200 |   292 ||   565
         Reflection        |       |       |       |     1 ||     1

Table legend: (Time is in decaauts)
 A = Elapsed time spent in this place.
 B = Non-inter-level travel time spent in this place.
 C = Inter-level travel time spent in this place.
 D = Time resting spent in this place.
 E = Time spent auto-exploring this place.
 F = Levels seen in this place.
 G = Mean time per level.
                   A        B        C        D        E       F      G
               +--------+--------+--------+--------+--------+-----+--------+
         Total |  10473 |  10209 |    264 |    554 |   7427 |  10 | 1047.3 |
       Dungeon |   8207 |   7979 |    228 |    505 |   5766 |   8 | 1025.9 |
          Lair |   2265 |   2229 |     36 |     49 |   1661 |   2 | 1132.5 |
               +--------+--------+--------+--------+--------+-----+--------+

Top non-repeatable levels by time:
     D:5: 1507 daAuts
  Lair:1: 1415 daAuts
     D:6: 1179 daAuts
     D:8: 1134 daAuts
     D:2: 1039 daAuts
     D:4: 980 daAuts
     D:3: 919 daAuts
     D:7: 857 daAuts
  Lair:2: 850 daAuts
     D:1: 589 daAuts
